 Dungeon Crawl Stone Soup version 0.31.0-12-g77e489cdc1 (webtiles) character file.

Game seed: 247979154762343312

2376 Gadfly the Righteous (level 9, -3/55 HPs)
             Began as a Gargoyle Fighter on Mar 2, 2024.
             Was a Follower of the Shining One.
             Killed by divine providence
             ... invoked by Jeremiah
              (12 damage)
             ... on level 7 of the Dungeon.
             The game lasted 00:10:08 (6278 turns).

Gadfly the Righteous (Gargoyle Fighter)             Turns: 6278, Time: 00:10:08

Health: -3/55      AC: 18    Str: 23    XL:     9   Next: 45%
Magic:  13/13      EV: 13    Int:  8    God:    the Shining One [*.....]
Gold:   219        SH:  5    Dex: 11    Spells: 6/8 levels left

rFire   . . .        a - +5 mace
rCold   . . .        c - +0 buckler
rNeg    + . .        e - +0 chain mail
rPois   ∞            n - +0 helmet
rElec   +            q - +0 cloak
rCorr   .            (no gloves)
SInv    .            (no boots)
Will    .....        i - amulet of the acrobat Stlth
                     g - +5 ring of evasion
HPRegen 0.29/turn    (no ring)
MPRegen 0.13/turn

%: acrobat
@: glowing
A: sickness immunity, AC +6, negative energy resistance 1, electricity
resistance, torment resistance 1, petrification resistance
a: Renounce Religion, Divine Shield


You were on level 7 of the Dungeon.
You worshipped the Shining One.
The Shining One was aware of your devotion.
You visited 2 branches of the dungeon, and saw 8 of its levels.

You collected 219 gold pieces.

Inventory:

Hand Weapons
 a - a +5 mace (weapon)
 b - a +2 dagger of venom
 s - a +0 flail
 t - a +0 morningstar
Armour
 c - a +0 buckler (worn)
 e - a +0 chain mail (worn)
 n - a +0 helmet (worn)
 q - a +0 cloak (worn)
Jewellery
 g - a +5 ring of evasion (left hand)
 h - a ring of fire
 i - an amulet of the acrobat (around neck)
Wands
 j - a wand of flame (24) (quivered)
 u - a wand of polymorph (11)
Scrolls
 m - 3 scrolls of teleportation
 p - a scroll of enchant weapon
 r - a scroll of identify
 w - a scroll of enchant armour {unknown}
 x - a scroll of poison
Potions
 d - a potion of might
 f - 2 potions of lignification
 k - 2 potions of mutation
 l - 3 potions of curing
 o - a potion of heal wounds
 v - a potion of haste


   Skills:
 + Level 5.7 Fighting
 * Level 6.0 Maces & Flails
 + Level 5.4 Armour
 + Level 5.5 Shields
 * Level 6.2 Invocations
 * Level 5.1 Evocations


You had 6 spell levels left.
You knew the following spells:

 Your Spells              Type           Power      Damage    Failure   Level
a - Blink                 Tloc           0%         N/A       99%         2

Your spell library contained the following spells:

 Spells                   Type           Power      Damage    Failure   Level
 Apportation              Tloc           0%         N/A       96%         1
 Magic Dart               Conj           0%         1d3       96%         1
 Call Imp                 Summ           0%         N/A       99%         2
 Jinxbite                 Hex            0%         N/A       99%         2
 Fugue of the Fallen      Necr           0%         N/A       100%        3
 Ozocubu's Armour         Ice            0%         N/A       100%        3
 Manifold Assault         Tloc           0%         N/A       100%        4
 Alistair's Intoxication  Alch           0%         N/A       100%        5


Dungeon Overview and Level Annotations

Branches:
Dungeon (7/15)             Temple (1/1) D:4

Altars:
Ashenzari
Dithmenos
Elyvilon
Gozag
Hepliaklqana
Kikubaaqudgha
Nemelex Xobeh
Okawaru
Ru
Sif Muna
Trog
Uskayaw
Vehumet
Wu Jian
Xom
Yredelemnul
Zin
The Shining One

Annotations:
D:7 Jeremiah


Innate Abilities, Weirdness & Mutations

You are immune to sickness and miasma.
Your stone body is resilient. (AC +6)
You are immune to poison.
You resist negative energy. (rN+)
You are resistant to electric shocks. (rElec)
You are resistant to unholy torment.
You are immune to petrification.


Message History

Something smites you!
Unknown command.
You are too injured to fight recklessly!
Unknown command.
You are too injured to fight recklessly!
You sock Jeremiah!
Jeremiah is severely wounded.
The butterfly disappears in a burst of colours!
Jeremiah hits you with a +2 trident of draining.
Jeremiah closely misses you.
You hit Jeremiah.
Jeremiah is severely wounded.
The butterfly disappears in a burst of colours!
Jeremiah hits you but does no damage.
Aiming: Polymorph
Press: ? - help, Shift-Dir - straight line, f - Jeremiah
Aim: Jeremiah, wielding a +2 trident of draining, wearing a +0 robe and wearing an orb of mayhem (severely wounded, haloed, will become an anaconda, a harpy, or a meliai, chance to affect: 45%) Jeremiah resists with some effort.
The butterfly disappears in a burst of colours! x2
Jeremiah barely misses you.
You hit Jeremiah.
Jeremiah is almost dead.
The butterfly disappears in a burst of colours! x2
Jeremiah lets out a twisted cry.
Something smites you!
* * * LOW HITPOINT WARNING * * *
You hit Jeremiah.
Jeremiah is almost dead.
The butterfly disappears in a burst of colours!
Jeremiah hops!
Aiming: Throw Flame
Press: ? - help, Shift-Dir - straight line, f/p - Jeremiah
Aim: Jeremiah, wielding a +2 trident of draining, wearing a +0 robe and wearing an orb of mayhem (almost dead, 67% to hit)
The puff of flame hits Jeremiah.
Jeremiah is almost dead.
The butterfly disappears in a burst of colours! x4
Jeremiah mumbles a slurred invocation.
Something smites you!
You die...
Jeremiah asks, "What happened?
Did... did you die?"

##....## #(...#..###.##
#......# ##.......#...##
###....# #....[b......#
#.#...## #............###
.......# #####..............#
..#.#..###.................##
..###...#.....b...b...#.####
### #..)...b....b.....### .#
##......b.b°@......## ##
##........b.bb.....# #
#........b.......## #
####.....b..........# #
##.........b.......b.#
###........).......##bF#
##...........b.....#...#
...............b...#...####
..................<†........


You could see Jeremiah.

Vanquished Creatures
  Sigmund (D:3)
  2 steam dragons (D:6)
  A water moccasin (D:6)
  A black bear (D:5)
  A sky beast (D:7)
  3 centaurs
  3 ogres
  2 scorpions
  5 wights
  A howler monkey (D:7)
  A gnoll bouda (D:7)
  6 hounds
  Crazy Yiuf (D:4)
  An orc priest (D:5)
  2 jellies
  Jessica (D:3)
  Natasha (thrice) (D:4)
  3 iguanas
  3 orc wizards
  2 adders (D:3)
  5 gnolls
  4 white imps (D:6)
  A dart slug (D:1)
  3 ribbon worms
  16 orcs
  2 ball pythons
  5 endoplasms
  3 giant cockroaches (D:3)
  9 goblins
  4 hobgoblins
  3 jackals (D:2)
  3 kobolds
  3 quokkas (D:3)
  6 bats
  3 frilled lizards
  5 rats
118 creatures vanquished.

Notes
Turn   | Place    | Note
-------+----------+-------------------------------------------
     0 | D:1      | Gadfly the Gargoyle Fighter began the quest for the Orb.
     0 | D:1      | Reached XP level 1. HP: 14/14 MP: 1/1
   126 | D:1      | Reached XP level 2. HP: 19/19 MP: 2/2
   445 | D:1      | Reached skill level 1 in Invocations
   718 | D:2      | Reached XP level 3. HP: 23/23 MP: 3/3
   730 | D:2      | Reached skill level 1 in Evocations
   809 | D:2      | Found a hazy altar of Hepliaklqana.
  1607 | D:3      | Noticed Jessica
  1616 | D:3      | Killed Jessica
  1617 | D:3      | Reached XP level 4. HP: 18/29 MP: 5/5
  1810 | D:3      | Noticed Sigmund
  1822 | D:3      | Killed Sigmund
  1823 | D:3      | Reached XP level 5. HP: 31/33 MP: 5/7
  1823 | D:3      | Reached XP level 6. HP: 36/38 MP: 5/8
  1827 | D:3      | Learned a level 2 spell: Blink
  1888 | D:3      | Found a faded altar of an unknown god.
  2095 | D:4      | Noticed Natasha
  2110 | D:4      | Killed Natasha
  2173 | D:4      | Found a staircase to the Ecumenical Temple.
  2183 | Temple   | Entered the Ecumenical Temple
  2198 | Temple   | Became a worshipper of the Shining One
  2445 | D:4      | Found a runed translucent door.
  2446 | D:4      | Noticed Crazy Yiuf
  2481 | D:4      | Found an ancient bone altar of Kikubaaqudgha.
  2496 | D:4      | Reached XP level 7. HP: 17/43 MP: 9/9
  2737 | D:4      | Found a glowing silver altar of Zin.
  2924 | D:4      | You fall into a shaft and drop 1 floor!
  2924 | D:5      | Entered Level 5 of the Dungeon
  3405 | D:5      | Reached XP level 8. HP: 44/48 MP: 11/11
  3549 | D:4      | Noticed Natasha
  3555 | D:4      | Killed Natasha
  3625 | D:4      | Noticed Natasha
  3631 | D:4      | Killed Crazy Yiuf
  3635 | D:4      | Killed Natasha
  4127 | D:6      | Found a radiant altar of Vehumet.
  4184 | D:6      | Reached * piety under the Shining One
  4212 | D:6      | Reached skill level 5 in Fighting
  4229 | D:5      | Reached skill level 5 in Maces & Flails
  4229 | D:5      | Reached skill level 5 in Invocations
  4401 | D:6      | Found a hazy altar of Hepliaklqana.
  4686 | D:6      | Found a sparkling altar of Nemelex Xobeh.
  4713 | D:6      | Reached skill level 5 in Armour
  4713 | D:6      | Reached skill level 5 in Shields
  4844 | D:6      | Reached XP level 9. HP: 12/54 MP: 13/13
  5830 | D:6      | Reached skill level 5 in Evocations
  6040 | D:7      | Noticed Jeremiah
  6278 | D:7      | Killed from afar by Jeremiah

Illustrated notes

Levels and vault maps discovered:
D:1:      lightli_molten_gateway, layout_rooms
D:2:      layout_basic, basic_altar
D:3:      layout_loops_cross, ebering_ecumenical_altar_hall, st_stairs_12,
          uniq_jessica, uniq_sigmund
D:4:      layout_basic, kiku_gazebo_pond_becter, zin_scriptorium,
          minmay_temple_entry_poolview, uniq_natasha, uniq_crazy_yiuf_cottage
D:5:      layout_cave_pools
D:6:      layout_layer_cave, nicolae_vehumet_altar_sigil,
          nzn_hepliaklqana_mist_gate, mainiacjoe_overflow_cross_hatched,
          kennysheep_decorative_pillar
D:7:      layout_cave_pools, fedhas_ov_isle_minmay, makhleb_blood_cavern_becter,
          uniq_jeremiah
Temple:   nicolae_temple_god_jail

Skill      XL: |  1  2  3  4  5  6  7  8  9 |
---------------+----------------------------+-----
Invocations    | 1 2 3 4 5 6 |  6.2
Evocations     | 1 2 3 4 5 |  5.1
Fighting       | 4 5 |  5.7
Maces & Flails | 3 4 5 6 |  6.0
Shields        | 4 5 |  5.5
Armour         | 4 5 |  5.4

Action                     |  1- 3 |  4- 6 |  7- 9 || total
---------------------------+-------+-------+-------++-------
  Melee: Flail             |   124 |       |       ||   124
         Dagger            |    24 |    84 |   155 ||   263
         Mace              |       |       |   114 ||   114
         Morningstar       |       |       |    29 ||    29
  Evoke: Wand              |       |       |     2 ||     2
    Use: Scroll            |     4 |     6 |     5 ||    15
         Potion            |       |       |     1 ||     1
 Armour: Scale mail        |    64 |       |       ||    64
         Chain mail        |    63 |    24 |   261 ||   348
  Dodge: Dodged            |    78 |    54 |   247 ||   379
  Block: Buckler           |    38 |    16 |    81 ||   135
